 Dungeon Crawl Stone Soup version 0.31.0-11-ge490571c62 (webtiles) character file.

Game seed: 7257446366237741289

1 BeingJoeMalik the Sneak (level 1, -2/18 HPs)
             Began as a Human Delver on Jan 28, 2024.
             Slain by an orc
             ... wielding a +1 falchion of holy wrath
              (4 damage)
             ... on level 3 of the Dungeon.
             The game lasted 00:02:53 (315 turns).

BeingJoeMalik the Sneak (Human Delver)               Turns: 315, Time: 00:02:54

Health: -2/18      AC:  3    Str: 12    XL:     1   Next: 20%
Magic:  1/1        EV: 12    Int: 10    God:
Gold:   30         SH:  0    Dex: 14    Spells: 0/0 levels left

rFire   . . .        a - +0 hand axe
rCold   + + +        (no shield)
rNeg    + . .        b - +0 leather armour
rPois   +            (no helmet)
rElec   .            (no cloak)
rCorr   .            (no gloves)
SInv    +            (no boots)
Will    .....        (no amulet)
Stlth   +++          i - ring "Eshraux" {*Slow rPois rC+++ rN+ SInv}
HPRegen 0.23/turn    (no ring)
MPRegen 0.07/turn

%: slow self (1%)
@: no status effects
A: explore regen
a: no special abilities


You were on level 3 of the Dungeon.
You visited 1 branch of the dungeon, and saw 4 of its levels.

You collected 30 gold pieces.

Inventory:

Hand Weapons
 a - a +0 hand axe (weapon)
Armour
 b - a +0 leather armour (worn)
Jewellery
 i - the ring "Eshraux" (left hand) {*Slow rPois rC+++ rN+ SInv}
   (You found it on level 5 of the Dungeon)

   [ring of positive energy]

   rC+++:     It renders you almost immune to cold.
   rPois:     It protects you from poison rN+: It protects you from negative
   energy.
   SInv:      It lets you see invisible.
   *Slow:     It may slow you when you take damage.
Wands
 e - a wand of acid (2)
 g - a wand of digging (2)
Scrolls
 c - a scroll of blinking {unknown}
 h - a scroll of identify {unknown}


   Skills:
 + Level 3.0 Fighting
 + Level 2.0 Axes
 + Level 2.0 Dodging
 + Level 5.0 Stealth


You couldn't memorise any spells.
You didn't know any spells.
Your spell library was empty.

Dungeon Overview and Level Annotations

Branches:
Dungeon (6/15)
 Temple: D:4-7

Altars:

Annotations:
D:4 Grinder


Innate Abilities, Weirdness & Mutations

You regain HP and MP as you explore.


Message History

Found an escape hatch in the floor.
An orc priest and 2 orcs come into view.
The orc shouts! x2; You hear a shout!
The orc priest moves out of view.
The orc throws a boomerang.
The boomerang hits you.
Press: ? - help, v - describe, . - travel A teleport trap.
You enter a teleport trap!
The teleport trap disappears.
Your surroundings suddenly seem different. 2 orcs, a goblin and a bat come into view.
An orc is wielding a +1 falchion of holy wrath.
Found a weird glowing staff.
The orc shouts!
The orc hits you with a +1 falchion of holy wrath.
Unknown command.
You aren't carrying any potions.
Okay, then.
Unknown command.
Aiming: Dig
Press: ? - help, Shift-Dir - straight line A rock wall.
The rock shatters into small pieces.
The orc priest hits you with a +0 club. The orc barely misses you.
The orc closely misses you.
Unknown command.
The orc hits you but does no damage. The orc hits you with a +0 hand axe.
The orc priest barely misses you. The orc hits you with a +0 dagger.
The orc hits you with a +0 hand axe. The orc hits you with a +0 dagger.
* * * LOW HITPOINT WARNING * * *
The orc attacks as it pursues you!
The orc hits you with a +1 falchion of holy wrath.
* * * LOW HITPOINT WARNING * * *
The orc attacks as it pursues you! The orc hits you with a +0 dagger.
* * * LOW HITPOINT WARNING * * *
Unknown command.
Unknown command.
The orc throws a boomerang.
The boomerang barely misses you. The orc attacks as it pursues you!
The orc hits you with a +1 falchion of holy wrath.
You die...

#.....|... .>. .#.#.#.#.
#.# ......... #.# #.#.#.
#.# ..... #.# #..#
##.#########.#
##...#.@oob.g.#
#.....##..o...#
##...##..o..##..#
##.#...........#
..#.#####.#.#....#.#.##
#
..#..................###
..
..#######'#.####.#.#....
.. #.#
##>...####.......#
#.##.#
##..............#.#


You could see an orc priest, 3 orcs, a goblin and a bat.

Vanquished Creatures
  A quokka (D:3)
1 creature vanquished.

Notes
Turn   | Place    | Note
-------+----------+-------------------------------------------
     0 | D:5      | BeingJoeMalik the Human Delver began the quest for the Orb.
     0 | D:5      | Reached XP level 1. HP: 18/18 MP: 1/1
     5 | D:6      | Noticed a jelly
     5 | D:6      | Noticed a black bear
    36 | D:5      | Noticed an orc wizard
   124 | D:5      | Identified the ring "Eshraux" {*Slow rPois rC+++ rN+ SInv}
   131 | D:5      | Noticed a scorpion
   175 | D:5      | Noticed an orc wizard
   180 | D:4      | Noticed Grinder
   293 | D:3      | Noticed an orc priest
   315 | D:3      | Slain by an orc

Illustrated notes

Levels and vault maps discovered:
D:3:      layout_loops_corners, serial_glass, glass_columns_a, glass_columns_b,
          glass_columns_b, glass_columns_a, glass_columns_c, glass_columns_b,
          glass_columns_c, glass_columns_c, glass_columns_b, glass_columns_a,
          glass_columns_a, glass_columns_a, glass_columns_b, glass_columns_a,
          uniq_terence
D:4:      layout_loops_cross, corexii_checkpoint, uniq_grinder
D:5:      layout_gridville, temple_pool_b
D:6:      kennysheep_steamy, layout_gridville, old_standard_altar,
          kennysheep_mini_moat, st_stairs_9, corexii_hall_statues_i,
          dilly_guarded_unrand_devastator

Action                     || total
---------------------------++-------
  Melee: Hand axe          ||     9
  Evoke: Wand              ||     1
    Use: Scroll            ||     3
         Potion            ||     1
 Armour: Leather armour    ||    28
  Dodge: Dodged            ||    12
